Map: Hardwire LE

Players

GuMiho - Winner!

  • Race: Terran Terran

DPGZest (Zest)

  • Race: Protoss Protoss

VOD

Have the link to the VOD?

Description

Time

  • Played on: Feb. 13, 2022, 12:01 a.m.
  • Length: 4:24
Show
View Real Time Build Order
Export as new Build Order

GuMiho Terran - Winner!

Build Orders: 1/1/1 

Get SALT Encoding   

  12  0:00  SCV  
  13  0:12  SCV  
  14  0:16  Supply Depot  
  14  0:24  SCV  
  15  0:38  SCV  
  15  0:40  Barracks  
  16  0:44  Refinery  
  16  0:50  SCV  
  16  0:54  Refinery  
  17  1:02  SCV  
  18  1:14  SCV  
  19  1:26  Orbital Command  
  19  1:27  Reaper  
  20  1:41  Factory  
  20  1:44  Supply Depot  
  20  1:52  SCV  
  21  1:59  Barracks Tech Lab  
  21  2:04  SCV  
  22  2:17  SCV  
  22  2:20  Supply Depot  
  22  2:21  Marauder  
  25  2:24  Starport  
  25  2:28  Hellion  
  27  2:31  SCV  
  27  2:35  Concussive Shells  
  28  2:45  Marauder, Supply Depot  
  28  2:48  SCV  
  31  2:54  Hellion  
  33  3:00  SCV  
  33  3:03  Medivac  
  36  3:09  Marauder  
  38  3:15  Hellion  
  40  3:20  Supply Depot  
  40  3:23  SCV  
  41  3:33  Marauder  
  43  3:39  Hellion  
  45  3:57  SCV  
  45  4:00  Hellion  
Show
View Real Time Build Order
Export as new Build Order

DPGZest Protoss 

Build Orders: 1 Gate Expand, Oracle Opening 

Get SALT Encoding   

  12  0:00  Probe  
  13  0:12  Probe  
  14  0:17  Pylon  
  14  0:24  Probe (Chrono Boost)  
  15  0:36  Probe (Chrono Boost), Gateway  
  16  0:45  Probe (Chrono Boost)  
  16  0:46  Assimilator  
  17  0:51  Probe  
  18  1:03  Probe  
  19  1:15  Probe  
  20  1:24  Cybernetics Core  
  20  1:34  Nexus  
  20  1:37  Probe  
  21  1:44  Pylon  
  21  1:49  Probe  
  21  1:53  Assimilator  
  22  2:00  Stalker (Chrono Boost)  
  23  2:01  Probe (Chrono Boost)  
  25  2:13  Probe (Chrono Boost)  
  25  2:22  Probe (Chrono Boost)  
  26  2:24  Stargate  
  26  2:27  Probe  
  27  2:32  Stalker  
  29  2:39  Probe  
  30  2:45  Warp Gate (Chrono Boost)  
  30  2:46  Probe  
  31  2:52  Probe  
  33  2:58  Probe  
  33  3:02  Pylon  
  33  3:04  Probe  
  34  3:07  Oracle (Chrono Boost)  
  34  3:10  Probe (Chrono Boost)  
  38  3:19  Probe (Chrono Boost)  
  39  3:22  Probe (Chrono Boost)  
  39  3:25  Gateway  
  40  3:28  Twilight Council  
  40  3:31  Probe (Chrono Boost)  
  40  3:32  Probe (Chrono Boost)  
  42  3:34  Gateway  
  42  3:40  Probe  
  43  3:41  Pylon  
  43  3:43  Probe  
  43  3:52  Probe  
  40  3:55  Probe  
  41  4:04  Probe  
  41  4:07  Shield Battery  
  41  4:08  Probe  
Tags
 
Add a new tag
Caveats
  • Supply blocks, unpowered buildings, or Contaminate may cause inaccurate times.
  • Supply counts are checked every 10 seconds.